 Dungeon Crawl Stone Soup version 0.21.1-1-g345015f (webtiles) character file.

287 wilfster70 the Magician (level 6, -1/66 HPs)
             Began as a Gnoll Wizard on June 14, 2018.
             Slain by a sky beast (5 damage)
             ... on level 4 of the Dungeon.
             The game lasted 00:15:15 (3572 turns).

wilfster70 the Magician (Gnoll Wizard)              Turns: 3572, Time: 00:15:15

Health: -1/66      AC: 23    Str: 11    XL:     6   Next: 30%
Magic:  9/16       EV:  2    Int: 21    God:
Gold:   188        SH:  0    Dex: 13    Spells: 11/19 levels left

rFire    . . .     SeeInvis .   a - +0 whip (elec)
rCold    . . .     Gourm    .   (no shield)
rNeg     + + +     Faith    .   (armour currently unavailable)
rPois    +         Spirit   .   (helmet currently unavailable)
rElec    .         Reflect  .   (cloak currently unavailable)
rCorr    +         Harm     .   (gloves currently unavailable)
MR       .....     NoTele   +   (boots currently unavailable)
Stlth    +++.......             (no amulet)
HPRegen  0.21/turn              t - ring of resist corrosion
MPRegen  0.15/turn              (no ring)

@: tree-form
A: distributed training, strong nose
a: no special abilities


You were on level 4 of the Dungeon.
You were not hungry.
You were a tree.
You visited 1 branch of the dungeon, and saw 5 of its levels.

You collected 188 gold pieces.

Inventory:

Hand Weapons
 a - a +0 whip of electrocution (weapon)
 b - a +1 dagger of venom
Missiles
 i - 41 poisoned needles
 k - 136 stones
 r - 6 tomahawks (quivered)
Armour
 e - a +0 robe (melded)
 g - a +0 helmet (melded)
 n - a +0 pair of boots (melded)
 w - a cursed +0 cloak (melded)
Jewellery
 t - a ring of resist corrosion (left branch)
Scrolls
 f - 4 scrolls of amnesia
 h - 2 scrolls of fear
 l - 5 scrolls of remove curse
 m - a scroll of blinking {unknown}
 o - 2 scrolls of enchant weapon {unknown}
Potions
 u - a potion of lignification
 v - a potion of might {unknown}
 x - a potion of cancellation {unknown}
Books
 c - a book of Minor Magic

   Spells                             Type                      Level
   a - Magic Dart                     Conjuration                  1
   b - Blink                          Translocation                2
   c - Call Imp                       Summoning                    2
   d - Slow                           Hexes                        2
   e - Conjure Flame                  Conjuration/Fire             3
   f - Mephitic Cloud                 Conjuration/Poison/Air       3
 s - a book of Misfortune

   Spells                             Type                      Level
   a - Confusing Touch                Hexes                        1
   b - Confuse                        Hexes                        3
   c - Gell's Gravitas                Translocation                3
   d - Petrify                        Transmutation/Earth          4
   e - Metabolic Englaciation         Hexes/Ice                    5
   f - Yara's Violent Unravelling     Hexes/Transmutation          5
Comestibles
 d - 6 rations


   Skills:
 + Level 1.8 Fighting
 + Level 1.8 Short Blades
 + Level 1.8 Long Blades
 + Level 1.8 Axes
 + Level 1.8 Maces & Flails
 + Level 1.8 Polearms
 + Level 1.8 Staves
 + Level 1.8 Slings
 + Level 1.8 Bows
 + Level 1.8 Crossbows
 + Level 1.8 Throwing
 + Level 1.8 Armour
 + Level 4.9 Dodging
 + Level 4.5 Stealth
 + Level 1.8 Shields
 + Level 1.8 Unarmed Combat
 + Level 7.4 Spellcasting
 + Level 2.6 Conjurations
 + Level 1.4 Hexes
 + Level 1.4 Charms
 + Level 2.6 Summonings
 + Level 1.4 Necromancy
 + Level 2.6 Translocations
 + Level 1.4 Transmutations
 + Level 1.4 Fire Magic
 + Level 1.4 Ice Magic
 + Level 1.4 Air Magic
 + Level 1.4 Earth Magic
 + Level 1.4 Poison Magic
 + Level 2.0 Invocations
 + Level 1.8 Evocations


You had 11 spell levels left.
You knew the following spells:

 Your Spells              Type           Power        Failure   Level  Hunger
a - Magic Dart            Conj           ###.         3%          1    None
b - Call Imp              Summ           ###.....     4%          2    None
c - Conjure Flame         Conj/Fire      ###.....     11%         3    None
g - Blink                 Tloc           N/A          4%          2    None


Dungeon Overview and Level Annotations

Branches:
Dungeon (5/15)
 Temple: D:4-7

Altars:

Shops:
D:5 !


Innate Abilities, Weirdness & Mutations

Your experience applies equally to all skills.
((You have very sharp teeth.))
Your uncanny sense of smell can sniff out nearby items.


Message History

Aiming: Magic Dart
Press: ? - help, Shift-Dir - straight line, f - sky beast
Aim: a sky beast (severely wounded)
The magic dart hits the sky beast.
The sky beast is severely wounded.
The sky beast hits you.
* * * LOW HITPOINT WARNING * * *
The sky beast shocks you.
* * * LOW HITPOINT WARNING * * *
Casting: Magic Dart
Confirm with . or Enter, or press ? or * to list all spells.
Aiming: Magic Dart
Press: ? - help, Shift-Dir - straight line, f/p - sky beast
Aim: a sky beast (severely wounded)
The magic dart hits the sky beast.
The sky beast is almost dead.
The sky beast hits you.
* * * LOW HITPOINT WARNING * * *
The sky beast shocks you.
You die...

#......#######.....#
#.....># #.###.#
#....### #.# *.#
####.# **###**.#
#.#######..,,,,,*
#.#.......#******
#.#.####..# #Y#.#
*,,* #♣#.# *,,******
#.#.# **,,,,,,,*
#...# *,,,****,*
#####**,******,*
*,,,,,,,,,*
***********


You could see a sky beast.

Vanquished Creatures
  A hound (D:4)
  A worker ant (D:4)
  2 orc wizards (D:3)
  3 gnolls (D:2)
  5 adders
  2 oozes
  2 worms
  A dart slug (D:2)
  3 leopard geckos
  8 orcs
  13 bats
  3 giant cockroaches
  5 goblins
  7 hobgoblins
  11 jackals
  4 kobolds
  A ball python (D:3)
  4 frilled lizards
  5 rats
  A plant (D:3)
82 creatures vanquished.

Notes
Turn   | Place    | Note
-------+----------+-------------------------------------------
     0 | D:1      | wilfster70 the Gnoll Wizard began the quest for the Orb.
     0 | D:1      | Reached XP level 1. HP: 13/13 MP: 8/8
   146 | D:1      | Reached XP level 2. HP: 19/19 MP: 8/10
   158 | D:1      | Learned a level 2 spell: Call Imp
   161 | D:1      | Learned a level 2 spell: Blink
   797 | D:2      | Reached XP level 3. HP: 25/25 MP: 7/11
   881 | D:2      | Learned a level 3 spell: Conjure Flame
   910 | D:2      | Reached skill level 1 in Invocations
  1256 | D:2      | Reached skill level 1 in Fighting
  1256 | D:2      | Reached skill level 1 in Short Blades
  1256 | D:2      | Reached skill level 1 in Long Blades
  1256 | D:2      | Reached skill level 1 in Axes
  1256 | D:2      | Reached skill level 1 in Maces & Flails
  1256 | D:2      | Reached skill level 1 in Polearms
  1256 | D:2      | Reached skill level 1 in Staves
  1256 | D:2      | Reached skill level 1 in Slings
  1256 | D:2      | Reached skill level 1 in Bows
  1256 | D:2      | Reached skill level 1 in Crossbows
  1256 | D:2      | Reached skill level 1 in Throwing
  1256 | D:2      | Reached skill level 1 in Armour
  1256 | D:2      | Reached skill level 1 in Shields
  1256 | D:2      | Reached skill level 1 in Unarmed Combat
  1256 | D:2      | Reached skill level 1 in Evocations
  1256 | D:2      | Reached XP level 4. HP: 32/32 MP: 9/13
  1858 | D:2      | Reached skill level 1 in Hexes
  1858 | D:2      | Reached skill level 1 in Charms
  1858 | D:2      | Reached skill level 1 in Necromancy
  1858 | D:2      | Reached skill level 1 in Transmutations
  1858 | D:2      | Reached skill level 1 in Fire Magic
  1858 | D:2      | Reached skill level 1 in Ice Magic
  1858 | D:2      | Reached skill level 1 in Air Magic
  1858 | D:2      | Reached skill level 1 in Earth Magic
  1858 | D:2      | Reached skill level 1 in Poison Magic
  2160 | D:2      | Reached XP level 5. HP: 19/37 MP: 14/14
  3006 | D:3      | Reached XP level 6. HP: 16/44 MP: 16/16
  3462 | D:5      | Entered Level 5 of the Dungeon
  3463 | D:5      | Found Puludepa's Distillery.
  3463 | D:5      | Noticed a phantom
  3464 | D:5      | Noticed a sky beast
  3537 | D:4      | HP: 1/44 [something (5)]
  3572 | D:4      | Slain by a sky beast

Skill      XL: |  1  2  3  4  5  6 |
---------------+-------------------+-----
Conjurations   | 2 |  2.6
Summonings     | 2 |  2.6
Translocations | 2 |  2.6
Invocations    | 1 2 |  2.0
Fighting       | 1 |  1.8
Short Blades   | 1 |  1.8
Long Blades    | 1 |  1.8
Axes           | 1 |  1.8
Maces & Flails | 1 |  1.8
Polearms       | 1 |  1.8
Staves         | 1 |  1.8
Slings         | 1 |  1.8
Bows           | 1 |  1.8
Crossbows      | 1 |  1.8
Throwing       | 1 |  1.8
Armour         | 1 |  1.8
Shields        | 1 |  1.8
Unarmed Combat | 1 |  1.8
Evocations     | 1 |  1.8
Hexes          | 1 |  1.4
Charms         | 1 |  1.4
Necromancy     | 1 |  1.4
Transmutations | 1 |  1.4
Fire Magic     | 1 |  1.4
Ice Magic      | 1 |  1.4
Air Magic      | 1 |  1.4
Earth Magic    | 1 |  1.4
Poison Magic   | 1 |  1.4
Dodging        | |  4.9
Stealth        | |  4.5
Spellcasting   | |  7.4

Action                   |  1- 3 |  4- 6 || total
-------------------------+-------+-------++-------
Melee: Spear             |     4 |       ||     4
       Dagger            |    18 |       ||    18
       Bite              |     1 |    17 ||    18
       Punch             |     1 |       ||     1
       Whip              |       |   168 ||   168
 Cast: Magic Dart        |    51 |    44 ||    95
       Blink             |     1 |       ||     1
       Conjure Flame     |       |     4 ||     4
       Call Imp          |       |     2 ||     2
  Use: Scroll            |     4 |     5 ||     9
       Potion            |       |     5 ||     5
 Stab: Sleeping          |     3 |     6 ||     9
  Eat: Chunk             |     1 |     7 ||     8
Armor: Robe              |     4 |    49 ||    53
       Skin              |       |    14 ||    14
Dodge: Dodged            |    32 |   141 ||   173
